 Dungeon Crawl Stone Soup version 0.31.0-32-g396128a36d (webtiles) character file.

Game seed: 14284793264547005288

566 tizbic2 the Covert (level 7, -8/99 HPs)
             Began as a Naga Berserker on Mar 25, 2024.
             Was a Believer of Trog.
             Killed by divine providence
             ... invoked by an orc priest
              (13 damage)
             ... on level 6 of the Dungeon.
             The game lasted 00:14:56 (4414 turns).

tizbic2 the Covert (Naga Berserker)                 Turns: 4414, Time: 00:14:57

Health: -8/99      AC:  5    Str: 25    XL:     7   Next: 32%
Magic:  7/7        EV:  9    Int:  7    God:    Trog [**....]
Gold:   167        SH:  7    Dex: 19    Spells: 6/6 levels left

rFire   . . .        c - +9 whip "Ekhli" {flame, *Corrode ^Drain Str+6 SInv}
rCold   x . .        k - +3 buckler
rNeg    . . .        v - +1 leather armour of Beauty {rC- Will++}
rPois   +            (no helmet)
rElec   .            (no cloak)
rCorr   .            (no gloves)
SInv    +            (no barding)
Will    ++...        (no amulet) Stlth
                     l - +6 ring of dexterity
HPRegen 0.36/turn    (no ring)
MPRegen 0.10/turn

%: corrode self (3%)
@: berserking, quick
A: AC +2, large, see invisible, deformed body, poison resistance, slowness 2,
spit poison 1, naga tail 1
a: Spit Poison, Renounce Religion, Berserk, Trog's Hand


You were on level 6 of the Dungeon.
You worshipped Trog.
Trog was pleased with you.
You visited 2 branches of the dungeon, and saw 7 of its levels.

You collected 167 gold pieces.

Inventory:

Hand Weapons
 a - a +0 long sword
 c - the +9 whip "Ekhli" (weapon) {flame, *Corrode ^Drain Str+6 SInv}
   (You found it on level 6 of the Dungeon)

   Str+6:     It affects your strength (+6).
   SInv:      It lets you see invisible.
   *Corrode:  It may corrode you when you take damage.
   ^Drain:    It drains your maximum health when unequipped.
 w - a +0 dagger
Armour
 k - a +3 buckler (worn)
 v - the +1 leather armour of Beauty (worn) {rC- Will++}
   (You found it on level 5 of the Dungeon)

   rC-:       It makes you vulnerable to cold.
   Will++:    It greatly increases your willpower.
Jewellery
 l - a +6 ring of dexterity (left hand)
Wands
 b - a wand of acid (6)
 d - a wand of iceblast (9)
Scrolls
 p - 2 scrolls of fog
 q - 2 scrolls of revelation
 r - a scroll of teleportation
Potions
 e - 3 potions of might {unknown}
 f - 4 potions of curing
 h - a potion of ambrosia {unknown}
 i - a potion of haste
 j - a potion of heal wounds
 n - 2 potions of brilliance {unknown}
 o - a potion of berserk rage {unknown}
 s - a potion of enlightenment {unknown}
 t - a potion of attraction {unknown}
 u - a potion of mutation {unknown}


   Skills:
 * Level 4.9 Fighting
 - Level 4.6 Short Blades
 + Level 0.6 Maces & Flails
 - Level 1.5 Armour
 - Level 1.5 Dodging
 * Level 8.2 Stealth


You had 6 spell levels left.
You didn't know any spells.
Your spell library was empty.

Dungeon Overview and Level Annotations

Branches:
Dungeon (6/15)             Temple (1/1) D:5

Altars:
Ashenzari
Cheibriados
Elyvilon
Fedhas
Gozag
Hepliaklqana
Kikubaaqudgha
Nemelex Xobeh
Ru
Sif Muna
Uskayaw
Vehumet
Xom
Yredelemnul
Zin
The Shining One


Innate Abilities, Weirdness & Mutations

Your serpentine skin is tough. (AC +2)
You have supernaturally acute eyesight. (SInv)
Armour fits poorly on your strangely shaped body.
Your system is resistant to poisons. (rPois)
You cover ground very slowly.
You can spit poison.
You have a snake-like lower body.


Message History

You hit the orc priest. You burn the orc priest.
The orc priest is lightly wounded.
The orc priest calls down the wrath of Beogh upon you.
Beogh smites you!
You hit the orc priest but do no damage.
The orc priest is lightly wounded.
You closely miss the orc warrior.
The orc priest miscasts a cantrip.
You barely miss the orc warrior.
The orc warrior hits you with a +0 broad axe!
You whack the orc warrior! You burn the orc warrior.
The orc warrior is moderately wounded.
The orc warrior hits you with a +0 broad axe.
You barely miss the orc warrior.
The orc warrior is moderately wounded.
The orc wizard gestures wildly while chanting.
The orc wizard flickers and vanishes for a moment.
The orc warrior hits you with a +0 broad axe!
You hit the orc warrior. You burn the orc warrior.
The orc warrior is heavily wounded.
The orc warrior barely misses you.
The orc priest mumbles some strange prayers to Beogh against you.
Beogh smites you!
The orc warrior hits you with a +0 broad axe!
* * * LOW HITPOINT WARNING * * *
A red film seems to cover your vision as you go berserk!
You feel yourself moving faster!
You feel mighty! You block the orc warrior's attack.
The orc priest calls down the wrath of Beogh upon you.
Beogh smites you!
* * * LOW HITPOINT WARNING * * *
You whack the orc warrior! You burn the orc warrior.
The orc warrior is severely wounded.
You thrash the orc warrior!! You burn the orc warrior.
You feel the power of Trog in you as your rage grows.
You kill the orc warrior!
Trog accepts your kill.
The orc priest invokes the aid of Beogh against you.
Beogh smites you!
You die...

####################
...................#
##################.#
#.# #### #.# .....
#.# ......###.######
.....o)@......>#
.....o###....#.#
..... #....# ....
#....# ... #......
.. #....... #
#....... .. .......
..


You could see an orc priest and an orc wizard (invisible).

Vanquished Creatures
  An orc warrior (D:6)
  An ice beast (D:6)
  An ogre (D:5)
  A scorpion (D:5)
  4 bombardier beetles
  2 orc wizards (D:5)
  6 gnolls
  3 adders
  4 ribbon worms
  4 dart slugs
  3 orcs
  4 endoplasms
  3 giant cockroaches
  6 goblins
  3 hobgoblins
  4 jackals
  2 quokkas
  5 ball pythons
  5 bats
  5 frilled lizards
  2 kobolds
  3 rats
72 creatures vanquished.

Notes
Turn   | Place    | Note
-------+----------+-------------------------------------------
     0 | D:1      | tizbic2 the Naga Berserker began the quest for the Orb.
     0 | D:1      | Reached XP level 1. HP: 21/21 MP: 1/1
   107 | D:1      | Reached skill level 1 in Stealth
   118 | D:1      | Reached XP level 2. HP: 25/28 MP: 2/2
   119 | D:1      | Reached skill level 2 in Stealth
   374 | D:1      | Reached XP level 3. HP: 34/34 MP: 3/3
   739 | D:1      | Reached skill level 3 in Stealth
   850 | D:1      | Found a basalt altar of Yredelemnul.
  1398 | D:2      | Reached skill level 4 in Stealth
  1398 | D:2      | Reached XP level 4. HP: 11/42 MP: 4/4
  1673 | D:2      | Found a shimmering altar of Xom.
  1780 | D:2      | Reached ** piety under Trog
  2172 | D:3      | Reached XP level 5. HP: 50/50 MP: 5/5
  2179 | D:3      | Reached skill level 5 in Stealth
  2567 | D:3      | Found an opulent altar of Gozag.
  3474 | D:5      | Entered Level 5 of the Dungeon
  3563 | D:5      | Reached skill level 6 in Stealth
  3596 | D:5      | Reached XP level 6. HP: 53/57 MP: 6/6
  3687 | D:5      | Found a staircase to the Ecumenical Temple.
  3722 | Temple   | Entered the Ecumenical Temple
  3863 | D:5      | Reached skill level 7 in Stealth
  4138 | D:5      | Identified the +1 leather armour of Beauty {rC- Will++}
  4232 | D:5      | Reached XP level 7. HP: 66/66 MP: 7/7
  4234 | D:5      | Found a hide-covered altar of Uskayaw.
  4303 | D:6      | Identified the +9 whip "Ekhli" {flame, *Corrode ^Drain
                  | Str+6 SInv}
  4402 | D:6      | Reached skill level 8 in Stealth
  4414 | D:6      | Killed from afar by an orc priest

Illustrated notes

Levels and vault maps discovered:
D:1:      dpeg_arrival_water_altar, layout_basic, minmay_cupped
D:2:      layout_rooms, basic_altar, hangedman_decor_points
D:3:      layout_basic, grunt_gozag_breadcrumbs
D:4:      layout_basic, minmay_statues_item
D:5:      layout_gridville, nicolae_uskayaw_dance_hall, temple_pool_b
D:6:      layout_basic, chequers_serial_rivers_micro_e,
          amcnicky_mini_pool_medium, uniq_blork_the_orc
Temple:   compressed_dpeg_triangle_lava_temple

Skill      XL: |  1  2  3  4  5  6  7 |
---------------+----------------------+-----
Stealth        | 1 2 4 6 7 8 |  8.2
Fighting       | 4 |  4.9
Short Blades   | 4 |  4.6
Maces & Flails | |  0.6
Armour         | |  1.5
Dodging        | |  1.5

Action                     |  1- 3 |  4- 6 |  7- 9 || total
---------------------------+-------+-------+-------++-------
  Melee: Short sword       |    65 |       |       ||    65
         Punch             |     2 |       |       ||     2
         Dagger            |    41 |   180 |     1 ||   222
         Whip              |       |       |    13 ||    13
 Invoke: Berserk           |     2 |     3 |     1 ||     6
         Trog's Hand       |       |     1 |       ||     1
Ability: Spit Poison       |    21 |    28 |       ||    49
    Use: Scroll            |       |     8 |       ||     8
         Potion            |       |     1 |       ||     1
   Stab: Sleeping          |     1 |     5 |     1 ||     7
 Armour: Animal skin       |    29 |       |       ||    29
         Leather armour    |    42 |       |     5 ||    47
         Ring mail         |       |    85 |       ||    85
         Scale mail        |       |     1 |       ||     1
  Dodge: Dodged            |    50 |    50 |     2 ||   102
  Block: Buckler           |       |    54 |     3 ||    57
